 Dungeon Crawl Stone Soup version 0.27.1-1-g398f81649c (webtiles) character file.

Game seed: 1993226172611577236

23 Kangaroobicon the Skirmisher (level 2, 0/26 HPs)
             Began as a Draconian Berserker on Sept 13, 2021.
             Was a Follower of Trog.
             Slain by a gnoll (4 damage)
             ... on level 1 of the Dungeon.
             The game lasted 00:03:08 (348 turns).

Kangaroobicon the Skirmisher (Draconian Berserker)   Turns: 348, Time: 00:03:09

Health: 0/26       AC:  4    Str: 19    XL:     2   Next: 75%
Magic:  2/2        EV: 12    Int:  7    God:    Trog [*.....]
Gold:   60         SH:  0    Dex: 10    Spells: 1/1 levels left

rFire    . . .     SeeInvis .   a - +0 mace
rCold    . . .     Faith    .   (no shield)
rNeg     . . .     Spirit   .   (armour unavailable)
rPois    .         Reflect  .   (helmet restricted)
rElec    .         Harm     .   (no cloak)
rCorr    .         Rampage  .   (no gloves)
Will     .....                  (no boots)
Stlth    +.........             (no amulet)
HPRegen  0.08/turn              (no ring)
MPRegen  0.08/turn              (no ring)

@: no status effects
A: AC +4, unfitting armour, cold-blooded
a: Renounce Religion, Berserk


You were on level 1 of the Dungeon.
You worshipped Trog.
Trog was aware of your devotion.
You visited 1 branch of the dungeon, and saw 1 of its levels.

You collected 60 gold pieces.

Inventory:

Hand Weapons
 a - a +0 mace (weapon)
Missiles
 d - 20 stones (quivered)
Scrolls
 b - 3 scrolls of immolation {unknown}
Potions
 c - a potion of ambrosia {unknown}


   Skills:
 + Level 3.5 Fighting
 + Level 3.4 Maces & Flails
 + Level 3.1 Dodging


You had one spell level left.
You didn't know any spells.
Your spell library was empty.

Dungeon Overview and Level Annotations

Branches:
Dungeon (1/15)

Altars:


Innate Abilities, Weirdness & Mutations

Your plain brown scales are hard. (AC +4)
You cannot fit into any form of body armour.
You are cold-blooded and may be slowed by cold attacks.


Message History

Your tail-slap misses the ball python.
The ball python bites you but does no damage.
The ball python closely misses you. The ball python barely misses you.
The ball python completely misses you.
You hit the ball python.
You kill the ball python!
Trog accepts your kill.
Found 13 gold pieces.
The gnoll barely misses you. The dart slug barely misses you.
You hit the dart slug.
The dart slug is heavily wounded.
The gnoll hits you from afar with a +0 spear.
The dart slug launches a dart at you. The slug dart misses you.
The gnoll barely misses you.
You hit the dart slug.
You kill the dart slug!
Trog accepts your kill. The gnoll hits you but does no damage.
The gnoll hits you from afar with a +0 spear.
The gnoll hits you but does no damage.
You see here 11 gold pieces.
You closely miss the gnoll. The gnoll hits you with a +0 spear.
You barely miss the gnoll. The gnoll barely misses you.
You closely miss the gnoll.
You tail-slap the gnoll, but do no damage.
The gnoll hits you with a +0 spear.
You hit the gnoll.
Your tail-slap misses the gnoll.
The gnoll is moderately wounded.
The gnoll barely misses you. The gnoll hits you with a +0 spear.
* * * LOW HITPOINT WARNING * * *
You hit the gnoll.
Your tail-slap misses the gnoll.
The gnoll is heavily wounded.
The gnoll misses you.
You hit the gnoll.
The gnoll is almost dead.
The gnoll closely misses you.
You barely miss the gnoll.
Your tail-slap misses the gnoll.
The gnoll is almost dead.
The gnoll hits you with a +0 spear.
You die...

#. #.. .. #. ###.. .#
#.# #.#
###.......#####.# #.#
#.##..... .$....#... #
### #.# #.##.##.#
#....#.. .. ..# #.#
#.##.##.> .....# .#
#.# #.. #.##.##.#
##g..## .# #.# #..
#.##.##.#
#..@..##.#####.###..
#.##.##.#
#.#...................
........##
#........[.#####.####.
####.#...#
###....#.........####.
#.#...#
#.####.#######...##.
####.#...# #.# #.#
#.#.##. #........#
#.####.# #......
#.##.#...#####.##...#
#......
...#................#
#..####


You could see a gnoll.

Vanquished Creatures
  2 dart slugs (D:1)
  2 bats (D:1)
  2 endoplasms (D:1)
  A giant cockroach (D:1)
  A goblin (D:1)
  2 hobgoblins (D:1)
  2 jackals (D:1)
  A quokka (D:1)
  2 ball pythons (D:1)
  2 frilled lizards (D:1)
17 creatures vanquished.

Notes
Turn   | Place    | Note
-------+----------+-------------------------------------------
     0 | D:1      | Kangaroobicon the Draconian Berserker began the quest for
                  | the Orb.
     0 | D:1      | Reached XP level 1. HP: 19/19 MP: 1/1
   153 | D:1      | Reached XP level 2. HP: 18/26 MP: 2/2
   348 | D:1      | Slain by a gnoll

Illustrated notes

Levels and vault maps discovered:
D:1:      evilmike_arrival_plus, layout_loops_ring,
          ebering_ecumenical_altar_abandoned, hex_tiny

Skill      XL: |  1  2 |
---------------+-------+-----
Dodging        | 3 |  3.1
Fighting       | |  3.5
Maces & Flails | |  3.4

Action                   || total
-------------------------++-------
Melee: Mace              ||    40
       Tailslap          ||     4
Armor: Skin              ||    12
Dodge: Dodged            ||    43
